 Dungeon Crawl Stone Soup version 0.31.0-32-g396128a36d (webtiles) character file.

Game seed: 11313476181258459268

233 601d51SH the Shield-Bearer (level 6, 0/53 HPs)
             Began as a Gnoll Fighter on Mar 31, 2024.
             Was an Initiate of Hepliaklqana.
             Slain by an orc
             ... wielding a +0 flail
              (2 damage)
             ... on level 3 of the Dungeon.
             The game lasted 00:06:43 (2692 turns).

601d51SH the Shield-Bearer (Gnoll Fighter)          Turns: 2692, Time: 00:06:44

Health: 0/53       AC:  9    Str: 17    XL:     6   Next: 5%
Magic:  8/8        EV:  9    Int:  7    God:    Hepliaklqana [......]
Gold:   92         SH:  5    Dex: 12    Spells: 8/8 levels left

rFire   . . .        a - +0 long sword
rCold   + . .        c - +0 buckler
rNeg    . . .        b - +0 scale mail
rPois   .            (no helmet)
rElec   .            (no cloak)
rCorr   .            j - +0 pair of gloves
SInv    .            (no boots)
Will    .....        (no amulet) Stlth
                     i - ring of protection from cold
HPRegen 0.28/turn    r - ring of wizardry
MPRegen 0.11/turn

%: wizardry (x1)
@: no status effects
A: fangs 1, strong nose, distributed training
a: Renounce Religion


You were on level 3 of the Dungeon.
You worshipped Hepliaklqana.
Hepliaklqana was noncommittal.
You visited 1 branch of the dungeon, and saw 4 of its levels.

You collected 92 gold pieces.

Inventory:

Hand Weapons
 a - a +0 long sword (weapon)
 l - a +3 dagger
 s - the +0 hand axe of Ithruusyr {drain, ^Fragile Int+8 Dex+2}
   (You found it on level 3 of the Dungeon)

   Int+8:     It affects your intelligence (+8).
   Dex+2:     It affects your dexterity (+2).
   ^Fragile:  It will be destroyed if unequipped.
 x - a +3 dagger of speed
Missiles
 q - 4 darts of dispersal
 t - 3 poisoned darts (quivered)
Armour
 b - a +0 scale mail (worn)
 c - a +0 buckler (worn)
 j - a +0 pair of gloves (worn)
 y - a +1 ring mail of fire resistance
Jewellery
 i - a ring of protection from cold (left hand)
 r - a ring of wizardry (right hand)
 z - a ring of see invisible
 B - a +5 ring of evasion
Talismans
 k - a talisman of death
 m - a beast talisman
Wands
 w - a wand of roots (9)
Scrolls
 e - a scroll of noise {unknown}
 g - 4 scrolls of teleportation {unknown}
 h - 4 scrolls of enchant armour {unknown}
 n - a scroll of fear {unknown}
 u - 2 scrolls of identify {unknown}
 v - 3 scrolls of blinking {unknown}
 A - a scroll of fog {unknown}
 C - a scroll of brand weapon {unknown}
Potions
 d - a potion of might
 f - a potion of lignification {unknown}
 o - a potion of degeneration {unknown}
 p - a potion of ambrosia {unknown}


   Skills:
 + Level 6.8 Fighting
 + Level 1.8 Short Blades
 + Level 4.9 Long Blades
 + Level 1.8 Axes
 + Level 1.8 Maces & Flails
 + Level 1.8 Polearms
 + Level 1.8 Staves
 + Level 1.8 Ranged Weapons
 + Level 1.8 Throwing
 + Level 6.8 Armour
 + Level 1.8 Dodging
 + Level 1.8 Stealth
 + Level 6.8 Shields
 + Level 1.8 Unarmed Combat
 + Level 1.8 Spellcasting
 + Level 1.4 Conjurations
 + Level 1.4 Hexes
 + Level 1.4 Summonings
 + Level 1.4 Necromancy
 + Level 1.4 Translocations
 + Level 1.4 Fire Magic
 + Level 1.4 Ice Magic
 + Level 1.4 Air Magic
 + Level 1.4 Earth Magic
 + Level 1.4 Alchemy
 + Level 2.0 Invocations
 + Level 1.8 Evocations
 + Level 1.6 Shapeshifting


You had 8 spell levels left.
You didn't know any spells.
Your spell library contained the following spells:

 Spells                   Type           Power      Damage    Failure   Level
 Apportation              Tloc           4%         N/A       30%         1
 Necrotise                Necr           8%         1d4       30%         1
 Sting                    Conj/Alch      8%         1d3       30%         1
 Summon Small Mammal      Summ           8%         N/A       30%         1
 Tukima's Dance           Hex            2%         N/A       65%         3
 Passage of Golubria      Tloc           2%         N/A       95%         4
 Yara's Violent Unravell  Hex/Alch       1%         3d3       100%        5


Dungeon Overview and Level Annotations

Branches:
Dungeon (4/15)
 Temple: D:4-7

Altars:
Ashenzari
Gozag
Hepliaklqana


Innate Abilities, Weirdness & Mutations

You have very sharp teeth.
Your uncanny sense of smell can sniff out nearby items.
Your experience applies equally to all skills.


Message History

The orc hits you but does no damage. x2
You hit the orc.
The orc is heavily wounded.
The orc barely misses you.
You closely miss the orc. You bite the orc, but do no damage.
The orc is heavily wounded.
You hit the scorpion. Your bite misses the scorpion.
The scorpion is lightly wounded.
The scorpion stings you.
You hit the scorpion.
You bite the scorpion, but do no damage.
The scorpion is moderately wounded.
The orc priest invokes the aid of Beogh against you.
Beogh smites you! The scorpion barely misses you.
You hit the scorpion.
The scorpion is heavily wounded.
The scorpion stings you. The scorpion closely misses you.
You slash the scorpion!
The scorpion is almost dead.
The scorpion stings you.
You hit the scorpion.
You kill the scorpion!
The orc priest invokes the aid of Beogh against you.
Beogh smites you!
* * * LOW HITPOINT WARNING * * *
Your Invocations skill increases to level 2!
You have reached level 6!
The orc priest casts a cantrip, but nothing happens.
The orc attacks as it pursues you! The orc hits you with a +0 flail.
* * * LOW HITPOINT WARNING * * *
The orc attacks as it pursues you! The orc hits you but does no damage.
There is a stone staircase leading up here.
The orc hits you with a +0 flail.
* * * LOW HITPOINT WARNING * * *
You climb upwards.
There is a stone staircase leading down here.
You hit the orc.
The orc is lightly wounded.
The orc hits you with a +0 flail.
You die...

.#.#..######.#.#.# ##..# .#'#.##
#.....############.<.# ......#
#..##.#......#......## ..###.####
#..).............##.# ###
#....###)).#............##.#
.#######.......#...............#
..........#........^........####
..........................###
##.............o@.........#
#...............#........##
..............#..........## ####
##........................####...
##.............#..........##.....
......)......#.#.................
..#....####..#.#.............####
...#....†....<.........[...>>....
.......###...##..................


You could see an orc.

Vanquished Creatures
  A scorpion (D:4)
  A hound (D:2)
  An orc priest (D:3)
  Ijyb (D:3)
  An adder (D:3)
  A ribbon worm (D:2)
  7 orcs
  5 endoplasms
  2 giant cockroaches (D:1)
  7 goblins
  6 hobgoblins
  3 jackals (D:1)
  7 kobolds
  A quokka (D:3)
  2 ball pythons
  12 bats
  6 frilled lizards
  5 rats
69 creatures vanquished.

Notes
Turn   | Place    | Note
-------+----------+-------------------------------------------
     0 | D:1      | 601d51SH the Gnoll Fighter began the quest for the Orb.
     0 | D:1      | Reached XP level 1. HP: 23/23 MP: 1/1
   155 | D:1      | Reached XP level 2. HP: 29/29 MP: 2/2
   391 | D:1      | Reached XP level 3. HP: 32/35 MP: 3/3
   544 | D:1      | Reached skill level 1 in Invocations
  1213 | D:2      | Reached skill level 1 in Short Blades
  1213 | D:2      | Reached skill level 1 in Axes
  1213 | D:2      | Reached skill level 1 in Maces & Flails
  1213 | D:2      | Reached skill level 1 in Polearms
  1213 | D:2      | Reached skill level 1 in Staves
  1213 | D:2      | Reached skill level 1 in Ranged Weapons
  1213 | D:2      | Reached skill level 1 in Throwing
  1213 | D:2      | Reached skill level 1 in Dodging
  1213 | D:2      | Reached skill level 1 in Stealth
  1213 | D:2      | Reached skill level 1 in Unarmed Combat
  1213 | D:2      | Reached skill level 1 in Spellcasting
  1213 | D:2      | Reached skill level 1 in Evocations
  1213 | D:2      | Reached skill level 1 in Shapeshifting
  1213 | D:2      | Reached XP level 4. HP: 34/41 MP: 5/5
  1354 | D:2      | Reached skill level 1 in Conjurations
  1354 | D:2      | Reached skill level 1 in Hexes
  1354 | D:2      | Reached skill level 1 in Summonings
  1354 | D:2      | Reached skill level 1 in Necromancy
  1354 | D:2      | Reached skill level 1 in Translocations
  1354 | D:2      | Reached skill level 1 in Fire Magic
  1354 | D:2      | Reached skill level 1 in Ice Magic
  1354 | D:2      | Reached skill level 1 in Air Magic
  1354 | D:2      | Reached skill level 1 in Earth Magic
  1354 | D:2      | Reached skill level 1 in Alchemy
  1848 | D:3      | Identified the +0 hand axe of Ithruusyr {drain, ^Fragile
                  | Int+8 Dex+2}
  1909 | D:3      | Noticed Ijyb
  1939 | D:3      | Killed Ijyb
  2069 | D:3      | Reached XP level 5. HP: 18/47 MP: 7/7
  2179 | D:3      | Found a hazy altar of Hepliaklqana.
  2187 | D:3      | Became a worshipper of Hepliaklqana the Forgotten
  2598 | D:4      | Found an opulent altar of Gozag.
  2664 | D:4      | Found a broken altar of Ashenzari.
  2685 | D:4      | Reached XP level 6. HP: 6/53 MP: 8/8
  2686 | D:4      | HP: 1/53 [orc/+0 flail (6)]
  2692 | D:3      | Slain by an orc

Illustrated notes

Levels and vault maps discovered:
D:1:      saegor_arrival_fortress, layout_basic
D:2:      layout_basic, minmay_hexomino_p4
D:3:      layout_rooms, mainiacjoe_overflow_surrounded_room, serial_glass,
          glass_columns_a, glass_columns_b, uniq_ijyb
D:4:      wad_river_or_something, layout_basic, grunt_gozag_breadcrumbs,
          minmay_parallelograms, kennysheep_diamond

Skill      XL: |  1  2  3  4  5 |
---------------+----------------+-----
Invocations    | 1 2 |  2.0
Short Blades   | 1 |  1.8
Axes           | 1 |  1.8
Maces & Flails | 1 |  1.8
Polearms       | 1 |  1.8
Staves         | 1 |  1.8
Ranged Weapons | 1 |  1.8
Throwing       | 1 |  1.8
Dodging        | 1 |  1.8
Stealth        | 1 |  1.8
Unarmed Combat | 1 |  1.8
Spellcasting   | 1 |  1.8
Evocations     | 1 |  1.8
Shapeshifting  | 1 |  1.6
Conjurations   | 1 |  1.4
Hexes          | 1 |  1.4
Summonings     | 1 |  1.4
Necromancy     | 1 |  1.4
Translocations | 1 |  1.4
Fire Magic     | 1 |  1.4
Ice Magic      | 1 |  1.4
Air Magic      | 1 |  1.4
Earth Magic    | 1 |  1.4
Alchemy        | 1 |  1.4
Fighting       | |  6.8
Long Blades    | |  4.9
Armour         | |  6.8
Shields        | |  6.8

Action                     |  1- 3 |  4- 6 || total
---------------------------+-------+-------++-------
  Melee: Long sword        |    99 |    92 ||   191
         Bite              |     6 |    10 ||    16
  Throw: Dart              |       |     6 ||     6
 Armour: Scale mail        |    75 |    61 ||   136
  Dodge: Dodged            |    56 |    51 ||   107
  Block: Buckler           |    29 |    42 ||    71
